TOP OF THE 1ST |
Delmarva Shorebirds batting - Pitching for Lexington Legends : RHP Tony Jimenez
|
Pitching: RHP Tony Jimenez
|
|
Batting: RHB Josh Hopp
|
0-0: Ball 1-0: Ball 2-0: Called Strike 2-1: Ball 3-1: Called Strike 3-2: Foul Ball, location: 2F 3-2: Ground out 6-3 (Groundball, 6M, EV 96.2 MPH)
|
Batting: RHB Daniel Jackson
|
0-0: Ball 1-0: Called Strike 1-1: Swinging Strike 1-2: Ball 2-2: Fly out, F8 (Flyball, 8LD, EV 103.8 MPH)
|
Batting: RHB Ethan Finke
|
0-0: Ball 1-0: Ball 2-0: Foul Ball, location: 2F 2-1: Ball 3-1: Base on Balls
|
Batting: RHB Luke Vaccarino
|
0-0: Called Strike Ethan Finke steals 2nd base 0-1: Foul Ball, location: 2F 0-2: Ball 1-2: Reached via error on a dropped throw from SS, E3 (Groundball, 6, EV 84.4 MPH) Ethan Finke to third
|
Batting: RHB Francisco Viera
|
0-0: Called Strike 0-1: Ball 1-1: Fielders Choice at 2nd, 5-4 (Groundball, 5, EV 103.8 MPH)
|
Top of the 1st over - 0 runs, 0 hits, 1 error, 2 left on base; Delmarva 0 - Lexington 0 |
BOTTOM OF THE 1ST |
Lexington Legends batting - Pitching for Delmarva Shorebirds : RHP Jonathan Spicer
|
Pitching: RHP Jonathan Spicer
|
|
Batting: RHB Nate De Jongh
|
0-0: Called Strike 0-1: SINGLE (Flyball, 8RS, EV 93.8 MPH)
|
Batting: RHB Jesus Malave
|
0-0: Foul Ball, location: 2F 0-1: 2-RUN HOME RUN (Flyball, 7D, EV 96.9 MPH), Distance : 388 ft
|
Batting: RHB Nick Julien
|
0-0: Foul Ball, location: 2F 0-1: Called Strike 0-2: Strikes out looking
|
Batting: LHB Pablo Serrato
|
0-0: Ball 1-0: Ground out 6-3 (Groundball, 6S, EV 84.4 MPH)
|
Batting: RHB Phil Hamby
|
0-0: Ball 1-0: Fly out, F8 (Line Drive, 8LD, EV 89.4 MPH)
|
Bottom of the 1st over - 2 runs, 2 hits, 0 errors, 0 left on base; Delmarva 0 - Lexington 2 |
TOP OF THE 2ND |
Delmarva Shorebirds batting - Pitching for Lexington Legends : RHP Tony Jimenez
|
Batting: RHB Wes Reynolds
|
0-0: Swinging Strike 0-1: Called Strike 0-2: Fly out, F9 (Flyball, 89D, EV 97.5 MPH)
|
Batting: RHB Mike Zepeda
|
0-0: Called Strike 0-1: Ball 1-1: Foul Ball, location: 2F 1-2: DOUBLE (Line Drive, 3D, EV 97.5 MPH)
|
Batting: RHB Tony Godley
|
0-0: Ball 1-0: Ball 2-0: Ball 3-0: Called Strike 3-1: Called Strike 3-2: DOUBLE (Line Drive, 7LM, EV 95.0 MPH) Mike Zepeda scores
|
Batting: RHB Dave Perron
|
0-0: Ball 1-0: Ground out 1-3 (Groundball, 13S, EV 69.4 MPH) Tony Godley to third
|
Batting: RHB Josh Hopp
|
0-0: Ball 1-0: Called Strike 1-1: Foul Ball, location: 2F 1-2: Ground out 4-3 (Groundball, 4, EV 84.4 MPH)
|
Top of the 2nd over - 1 run, 2 hits, 0 errors, 1 left on base; Delmarva 1 - Lexington 2 |
BOTTOM OF THE 2ND |
Lexington Legends batting - Pitching for Delmarva Shorebirds : RHP Jonathan Spicer
|
Batting: SHB Bill Ertl
|
0-0: DOUBLE (Flyball, 8RXD, EV 111.2 MPH)
|
Batting: RHB Pat McCoy
|
0-0: Called Strike 0-1: Ball 1-1: Called Strike 1-2: Ball 2-2: Ball 3-2: Strikes out swinging
|
Batting: RHB Justin Goff
|
0-0: Ball 1-0: Foul Ball, location: 2F 1-1: Ground out 5-3 (Groundball, 56S, EV 88.8 MPH)
|
Batting: LHB Danny Pacheco
|
0-0: Ball 1-0: Called Strike 1-1: Ball 2-1: Called Strike 2-2: Strikes out swinging
|
Bottom of the 2nd over - 0 runs, 1 hit, 0 errors, 1 left on base; Delmarva 1 - Lexington 2 |
TOP OF THE 3RD |
Delmarva Shorebirds batting - Pitching for Lexington Legends : RHP Tony Jimenez
|
Pitching: RHP Nam Phong
|
|
Batting: RHB Daniel Jackson
|
0-0: Called Strike 0-1: Ball 1-1: Fly out, F9 (Flyball, 89S, EV 74.4 MPH)
|
Batting: RHB Ethan Finke
|
0-0: Ball 1-0: Ball 2-0: Called Strike 2-1: Ball 3-1: Base on Balls
|
Batting: RHB Luke Vaccarino
|
0-0: Ball 1-0: Called Strike 1-1: Ball 2-1: Fielders Choice at 2nd, 5-4 (Groundball, 5, EV 78.8 MPH)
|
Batting: RHB Francisco Viera
|
0-0: Ball Luke Vaccarino steals 2nd base 1-0: Called Strike 1-1: Ball 2-1: Foul Ball, location: 2F 2-2: Foul Ball, location: 2F 2-2: SINGLE (Groundball, 6MD, EV 103.8 MPH) Luke Vaccarino to third Runner from 3rd tries for Home, SAFE, throw by CF to home
|
Batting: RHB Wes Reynolds
|
0-0: Ball 1-0: DOUBLE (Line Drive, 78D, EV 100.0 MPH) Francisco Viera to third Runner from 3rd tries for Home, SAFE, throw by LF to trailing runner, SAFE at third!
|
Batting: RHB Mike Zepeda
|
0-0: Ball 1-0: Foul Ball, location: 2F 1-1: Ball 2-1: Swinging Strike 2-2: Foul Ball, location: 2F 2-2: DOUBLE (Line Drive, 78M, EV 103.1 MPH) Wes Reynolds scores
|
Batting: RHB Tony Godley
|
0-0: Called Strike 0-1: Called Strike 0-2: Fly out, F9 (Flyball, 89M, EV 94.4 MPH)
|
Top of the 3rd over - 3 runs, 3 hits, 0 errors, 1 left on base; Delmarva 4 - Lexington 2 |
BOTTOM OF THE 3RD |
Lexington Legends batting - Pitching for Delmarva Shorebirds : RHP Jonathan Spicer
|
Batting: RHB Nate De Jongh
|
0-0: Ball 1-0: Ground out 6-3 (Groundball, 56, EV 105.0 MPH)
|
Batting: RHB Jesus Malave
|
0-0: SINGLE (Flyball, 8RS, EV 96.9 MPH)
|
Batting: RHB Nick Julien
|
0-0: Ball 1-0: Ball 2-0: Ball 3-0: Fly out, F9 (Flyball, 89S, EV 88.1 MPH)
|
Batting: LHB Pablo Serrato
|
0-0: Ball 1-0: Ball 2-0: Foul Ball, location: 2F 2-1: Ball 3-1: Base on Balls Jesus Malave to second
|
Batting: RHB Phil Hamby
|
0-0: Ball 1-0: Ball 2-0: Ball 3-0: Called Strike 3-1: Ground out 6-3 (Groundball, 56, EV 101.9 MPH)
|
Bottom of the 3rd over - 0 runs, 1 hit, 0 errors, 2 left on base; Delmarva 4 - Lexington 2 |
TOP OF THE 4TH |
Delmarva Shorebirds batting - Pitching for Lexington Legends : RHP Nam Phong
|
Batting: RHB Dave Perron
|
0-0: Called Strike 0-1: Swinging Strike 0-2: Foul Ball, location: 2F 0-2: Ball 1-2: Ball 2-2: Ball 3-2: Strikes out swinging
|
Batting: RHB Josh Hopp
|
0-0: Ball 1-0: Foul Ball, location: 2F 1-1: Ball 2-1: Ground out 6-3 (Groundball, 6, EV 86.2 MPH)
|
Batting: RHB Daniel Jackson
|
0-0: Swinging Strike 0-1: Ball 1-1: Foul Ball, location: 2F 1-2: Strikes out looking
|
Top of the 4th over - 0 runs, 0 hits, 0 errors, 0 left on base; Delmarva 4 - Lexington 2 |
BOTTOM OF THE 4TH |
Lexington Legends batting - Pitching for Delmarva Shorebirds : RHP Jonathan Spicer
|
Batting: SHB Bill Ertl
|
0-0: Swinging Strike 0-1: Swinging Strike 0-2: Ball 1-2: Ball 2-2: Foul Ball, location: 2F 2-2: Ball 3-2: Strikes out looking
|
Batting: RHB Pat McCoy
|
0-0: Called Strike 0-1: Ground out 6-3 (Groundball, 6, EV 101.2 MPH)
|
Batting: RHB Justin Goff
|
0-0: Swinging Strike 0-1: Fly out, F9 (Flyball, 9, EV 80.0 MPH)
|
Bottom of the 4th over - 0 runs, 0 hits, 0 errors, 0 left on base; Delmarva 4 - Lexington 2 |
TOP OF THE 5TH |
Delmarva Shorebirds batting - Pitching for Lexington Legends : RHP Nam Phong
|
Batting: RHB Ethan Finke
|
0-0: Ground out 5-3 (Groundball, 56, EV 82.5 MPH)
|
Batting: RHB Luke Vaccarino
|
0-0: Ball 1-0: Ball 2-0: Foul Ball, location: 2F 2-1: Ball 3-1: Foul Ball, location: 2F 3-2: Base on Balls
|
Pitching: RHP Kolenka Leschenya
|
|
Batting: RHB Francisco Viera
|
0-0: Called Strike 0-1: Foul Ball, location: 2F 0-2: Ball 1-2: Ball 2-2: Foul Ball, location: 2F 2-2: Ball 3-2: Base on Balls Luke Vaccarino to second
|
Batting: RHB Wes Reynolds
|
0-0: Ball 1-0: Ball 2-0: Ball 3-0: Called Strike 3-1: Base on Balls Luke Vaccarino to third Francisco Viera to second
|
Batting: RHB Mike Zepeda
|
0-0: Foul Ball, location: 2F 0-1: Ball 1-1: Foul Ball, location: 2F 1-2: Strikes out swinging
|
Batting: RHB Tony Godley
|
0-0: Fielders Choice at 2nd, 5-4 (Groundball, 5L, EV 89.4 MPH)
|
Top of the 5th over - 0 runs, 0 hits, 0 errors, 3 left on base; Delmarva 4 - Lexington 2 |
BOTTOM OF THE 5TH |
Lexington Legends batting - Pitching for Delmarva Shorebirds : RHP Jonathan Spicer
|
Batting: LHB Danny Pacheco
|
0-0: Ball 1-0: Fly out, F8 (Flyball, 78S, EV 86.9 MPH)
|
Batting: RHB Nate De Jongh
|
0-0: Ball 1-0: Ball 2-0: Ground out 6-3 (Groundball, 6, EV 85.6 MPH)
|
Batting: RHB Jesus Malave
|
0-0: Ball 1-0: Called Strike 1-1: Foul Ball, location: 2F 1-2: Ground out 6-3 (Groundball, 4MS, EV 86.9 MPH)
|
Bottom of the 5th over - 0 runs, 0 hits, 0 errors, 0 left on base; Delmarva 4 - Lexington 2 |
TOP OF THE 6TH |
Delmarva Shorebirds batting - Pitching for Lexington Legends : RHP Kolenka Leschenya
|
Batting: RHB Dave Perron
|
0-0: Ball 1-0: Ball 2-0: Foul Ball, location: 2F 2-1: Ground out 6-3 (Groundball, 4M, EV 85.6 MPH)
|
Batting: RHB Josh Hopp
|
0-0: Ball 1-0: Called Strike 1-1: Ball 2-1: Ball 3-1: Base on Balls
|
Batting: RHB Daniel Jackson
|
0-0: Ground out 6-3 (Groundball, 6, EV 106.9 MPH) Josh Hopp to second
|
Batting: RHB Ethan Finke
|
0-0: Called Strike 0-1: Foul Ball, location: 2F 0-2: Foul Ball, location: 2F 0-2: Ball 1-2: Ball 2-2: Foul Ball, location: 2F 2-2: Ground out U3 (Groundball, 34, EV 98.8 MPH)
|
Top of the 6th over - 0 runs, 0 hits, 0 errors, 1 left on base; Delmarva 4 - Lexington 2 |
BOTTOM OF THE 6TH |
Lexington Legends batting - Pitching for Delmarva Shorebirds : RHP Jonathan Spicer
|
Batting: RHB Nick Julien
|
0-0: Foul Ball, location: 2F 0-1: SINGLE (Line Drive, 8RS, EV 107.5 MPH)
|
Batting: LHB Pablo Serrato
|
0-0: Ball 1-0: Swinging Strike 1-1: Called Strike 1-2: Strikes out swinging
|
Batting: RHB Phil Hamby
|
0-0: Ball 1-0: Swinging Strike 1-1: Swinging Strike 1-2: Foul Ball, location: 2F 1-2: Ball Wild Pitch! Nick Julien to second 2-2: Strikes out swinging
|
Batting: SHB Bill Ertl
|
0-0: Called Strike 0-1: Called Strike 0-2: Ball 1-2: Ball 2-2: Strikes out looking
|
Bottom of the 6th over - 0 runs, 1 hit, 0 errors, 1 left on base; Delmarva 4 - Lexington 2 |
TOP OF THE 7TH |
Delmarva Shorebirds batting - Pitching for Lexington Legends : RHP Kolenka Leschenya
|
Pitching: RHP Josh Rutledge
|
|
Batting: RHB Luke Vaccarino
|
0-0: Called Strike 0-1: Ball 1-1: Ground out 6-3 (Groundball, 6, EV 88.8 MPH)
|
Batting: RHB Francisco Viera
|
0-0: Swinging Strike 0-1: Foul Ball, location: 2F 0-2: Ball 1-2: SINGLE (Groundball, 6D, EV 108.1 MPH)
|
Batting: RHB Wes Reynolds
|
0-0: Called Strike 0-1: Ball 1-1: Ball Francisco Viera steals 2nd base 2-1: Foul Ball, location: 2F 2-2: Foul Ball, location: 2F 2-2: Strikes out looking
|
Batting: RHB Mike Zepeda
|
0-0: Called Strike 0-1: Foul Ball, location: 2F 0-2: Strikes out swinging
|
Top of the 7th over - 0 runs, 1 hit, 0 errors, 1 left on base; Delmarva 4 - Lexington 2 |
BOTTOM OF THE 7TH |
Lexington Legends batting - Pitching for Delmarva Shorebirds : RHP Jonathan Spicer
|
Pitching: RHP Jose Santos
|
|
Now at 1B: Wes Reynolds
|
|
Now at 3B: Matt O'Dea
|
|
Batting: RHB Pat McCoy
|
0-0: Ball 1-0: Ball 2-0: Swinging Strike 2-1: Ball 3-1: Foul Ball, location: 2F 3-2: Ground out 6-3 (Groundball, 56, EV 101.9 MPH)
|
Batting: RHB Justin Goff
|
0-0: Called Strike 0-1: Ground out 4-3 (Groundball, 4, EV 77.5 MPH)
|
Batting: LHB Danny Pacheco
|
0-0: Swinging Strike 0-1: Ball 1-1: Foul Ball, location: 2F 1-2: Strikes out looking
|
Bottom of the 7th over - 0 runs, 0 hits, 0 errors, 0 left on base; Delmarva 4 - Lexington 2 |
TOP OF THE 8TH |
Delmarva Shorebirds batting - Pitching for Lexington Legends : RHP Josh Rutledge
|
Pitching: RHP Ian Current
|
|
Batting: RHB Tony Godley
|
0-0: Swinging Strike 0-1: Ball 1-1: Ball 2-1: DOUBLE (Line Drive, 7LM, EV 91.9 MPH)
|
Batting: RHB Dave Perron
|
0-0: Fly out, F8 (Flyball, 8LD, EV 95.6 MPH) Runner from 2nd tags up, OUT at 3rd! 8-5
|
Batting: RHB Josh Hopp
|
0-0: Foul Ball, location: 2F 0-1: Ball 1-1: Ball 2-1: Swinging Strike 2-2: Fly out, F8 (Flyball, 8LM, EV 74.4 MPH)
|
Top of the 8th over - 0 runs, 1 hit, 0 errors, 0 left on base; Delmarva 4 - Lexington 2 |
BOTTOM OF THE 8TH |
Lexington Legends batting - Pitching for Delmarva Shorebirds : RHP Jose Santos
|
Now at 1B: Matt O'Dea
|
|
Now at 2B: HonĂ³rio Szenes
|
|
Now at 3B: Francisco Viera
|
|
Batting: RHB Nate De Jongh
|
0-0: Ball 1-0: Ground out 5-3 (Groundball, 56S, EV 63.1 MPH)
|
Batting: RHB Jesus Malave
|
0-0: Ball 1-0: Foul Ball, location: 2F 1-1: Ball 2-1: Ball 3-1: Ground out U3 (Groundball, 3S, EV 90.6 MPH)
|
Batting: RHB Nick Julien
|
0-0: Ball 1-0: Ball 2-0: Called Strike 2-1: Swinging Strike 2-2: Ball 3-2: SINGLE (Groundball, 56D, EV 101.2 MPH)
|
Batting: LHB Pablo Serrato
|
0-0: Foul Ball, location: 2F 0-1: Swinging Strike 0-2: Ball 1-2: Ball 2-2: Strikes out swinging
|
Bottom of the 8th over - 0 runs, 1 hit, 0 errors, 1 left on base; Delmarva 4 - Lexington 2 |
TOP OF THE 9TH |
Delmarva Shorebirds batting - Pitching for Lexington Legends : RHP Ian Current
|
Pitching: RHP Phil Kellum
|
|
Batting: RHB Daniel Jackson
|
0-0: Foul Ball, location: 2F 0-1: Swinging Strike 0-2: Strikes out swinging
|
Batting: RHB Ethan Finke
|
0-0: Foul Ball, location: 2F 0-1: SINGLE (Groundball, 4S, EV 66.2 MPH) (infield hit)
|
Batting: RHB Luke Vaccarino
|
0-0: Grounds into double play, 5-4-3 (Groundball, 56, EV 90.0 MPH)
|
Top of the 9th over - 0 runs, 1 hit, 0 errors, 0 left on base; Delmarva 4 - Lexington 2 |
BOTTOM OF THE 9TH |
Lexington Legends batting - Pitching for Delmarva Shorebirds : RHP Jose Santos
|
Pitching: RHP Harley Hyde
|
|
Batting: RHB Phil Hamby
|
0-0: Called Strike 0-1: Ball 1-1: Ball 2-1: Called Strike 2-2: Foul Ball, location: 2F 2-2: Strikes out swinging
|
Batting: SHB Bill Ertl
|
0-0: Foul Ball, location: 2F 0-1: Foul Ball, location: 2F 0-2: Ball 1-2: Fly out, F8 (Flyball, 78M, EV 91.9 MPH)
|
Pinch Hitting: LHB Edgar Ortiz
|
0-0: Called Strike 0-1: Ball 1-1: Ball 2-1: Foul Ball, location: 2F 2-2: SINGLE (Line Drive, 78S, EV 99.4 MPH)
|
Batting: RHB Justin Goff
|
0-0: Ball 1-0: Ball 2-0: Ball 3-0: Base on Balls Edgar Ortiz to second
|
Pitching: RHP Fabiano Ceriani
|
|
Batting: LHB Danny Pacheco
|
0-0: Called Strike 0-1: Foul Ball, location: 2F 0-2: Ball 1-2: Fly out, F8 (Line Drive, 8LM, EV 88.1 MPH)
|
Bottom of the 9th over - 0 runs, 1 hit, 0 errors, 2 left on base; Delmarva 4 - Lexington 2 |
|